 Dungeon Crawl Stone Soup version 0.27-a0-1381-g81fdcbfb23 (webtiles) character file.

Game seed: 13512242650060119332

1815 Johnny the Thaumaturge (level 8, -7/46 HPs)
             Began as a Deep Elf Earth Elementalist on June 30, 2021.
             Killed from afar by Maggie (22 damage)
             ... with a bolt of fire
             ... on level 6 of the Dungeon.
             The game lasted 00:05:21 (9303 turns).

Johnny the Thaumaturge (DEEE)                       Turns: 9303, Time: 00:05:22

Health: -7/46      AC:  5    Str:  3 (5)  XL:     8   Next: 85%
Magic:  10/22      EV: 12    Int: 20 (23) God:
Gold:   362        SH:  0    Dex: 12 (13) Spells: 8/23 levels left

rFire    . . .     SeeInvis .   s - +1 dagger (venom)
rCold    . . .     Faith    .   (no shield)
rNeg     . . .     Spirit   .   u - +2 robe {Will+}
rPois    +         Reflect  .   (no helmet)
rElec    .         Harm     .   x - +0 cloak
rCorr    .         Rampage  .   (no gloves)
Will     ++...                  (no boots)
Stlth    ++........             (no amulet)
HPRegen  0.15/turn              A - ring of poison resistance
MPRegen  0.18/turn              E - ring of willpower

@: mighty, brilliant, flying
A: clumsy 1, frail 1
a: no special abilities


You were on level 6 of the Dungeon.
You visited 1 branch of the dungeon, and saw 6 of its levels.

You collected 362 gold pieces.

Inventory:

Hand Weapons
 s - a +1 dagger of venom (weapon)
Missiles
 c - 109 stones
Armour
 u - a +2 robe of willpower (worn)
 x - a +0 cloak (worn)
Jewellery
 A - a ring of poison resistance (left hand)
 E - a ring of willpower (right hand)
Scrolls
 d - 4 scrolls of identify {unknown}
 e - 2 scrolls of enchant weapon {unknown}
 h - 5 scrolls of teleportation {unknown}
 j - 2 scrolls of silence {unknown}
 n - a scroll of enchant armour {unknown}
 q - a scroll of fear {unknown}
 t - a scroll of blinking {unknown}
 w - a scroll of summoning {unknown}
 z - a scroll of magic mapping {unknown}
 D - a scroll of noise {unknown}
Potions
 f - a potion of curing
 g - a potion of might
 i - a potion of flight
 k - a potion of brilliance
 m - 2 potions of cancellation
 o - a potion of mutation
 p - a potion of invisibility {unknown}
 r - a potion of degeneration
 v - a potion of attraction {unknown}
 B - a potion of haste {unknown}
 C - a potion of lignification {unknown}


   Skills:
 * Level 6.7 Fighting
 - Level 2.4 Dodging
 - Level 2.4 Stealth
 + Level 8.0 Spellcasting
 - Level 1.1 Transmutations
 + Level 7.1 Earth Magic


You had 8 spell levels left.
You knew the following spells:

 Your Spells              Type           Power      Damage    Failure   Level
a - Sandblast             Erth           100%       2d20      1%          1
b - Stone Arrow           Conj/Erth      66%        3d11      6%          3
c - Lee's Rapid Deconstr  Erth           26%        3d15*     13%         5
d - Petrify               Tmut/Erth      36%        N/A       16%         4
e - Blink                 Tloc           N/A        N/A       13%         2

Your spell library contained the following spells:

 Spells                   Type           Power      Damage    Failure   Level
 Passwall                 Tmut/Erth      30%        N/A       2%          2
 Beastly Appendage        Tmut           36%        N/A       5%          1
 Animate Skeleton         Necr           24%        N/A       9%          1
 Magic Dart               Conj           48%        1d5       9%          1
 Pain                     Necr           48%        1d6       9%          1
 Wereblood                Tmut           18%        N/A       9%          2
 Call Imp                 Summ           12%        N/A       13%         2
 Slow                     Hex            12%        N/A       13%         2
 Spider Form              Tmut/Pois      7%         N/A       21%         3
 Conjure Flame            Conj/Fire      12%        6-21      26%         3
 Mephitic Cloud           Conj/Pois/Air  12%        N/A       26%         3
 Vampiric Draining        Necr           6%         2d6       26%         3
 Ice Form                 Ice/Tmut       15%        N/A       56%         4
 Animate Dead             Necr           6%         N/A       63%         4
 Bolt of Magma            Conj/Fire/Erth 13%        4d8       65%         5
 Agony                    Necr           12%        N/A       93%         5
 Iskenderun's Battlesphe  Conj           12%        2d7       93%         5
 Iron Shot                Conj/Erth      16%        9d4       97%         6
 Orb of Destruction       Conj           6%         9d3       100%        7
 Spellforged Servitor     Conj/Summ      6%         N/A       100%        7


Dungeon Overview and Level Annotations

Branches:
Dungeon (6/15)
 Temple: D:4-7

Altars:
Ashenzari
Cheibriados
Nemelex Xobeh
Wu Jian
Yredelemnul

Annotations:
D:6 Maggie


Innate Abilities, Weirdness & Mutations

You are clumsy. (Dex -2)
You are frail. (-10% HP)


Message History

Maggie hits you from afar with a +1 glaive of protection!!
Casting: Sandblast (safe; 1% risk of failure)
Confirm with . or Enter, or press ? or * to list all spells.
Aiming: Sandblast (safe; 1% risk of failure)
Press: ? - help, Shift-Dir - straight line, f/p - Maggie
Aim: Maggie, wielding a +1 glaive of protection, wearing +0 swamp dragon scales and carrying a wand of digging (1) (heavily wounded, 85% to hit)
The blast of sand hits Maggie!
Maggie is heavily wounded.
Maggie hits you from afar with a +1 glaive of protection!!
* * * LOW HITPOINT WARNING * * *
It was a potion of cancellation.
You feel magically purged. Maggie misses you.
Okay, then.
You aren't carrying any items that you can evoke.
Okay, then.
It was a potion of curing.
You feel better.
Maggie hits you from afar with a +1 glaive of protection!
* * * LOW HITPOINT WARNING * * *
It was a potion of might.
You feel very mighty all of a sudden.
Maggie gestures wildly while chanting.
Maggie attempts to bespell you!
You easily resist.
It was a potion of flight.
You feel very buoyant.
You fly up into the air.
Maggie mumbles some strange words.
Maggie attempts to bespell you! You resist with almost no effort.
It was a potion of brilliance.
You feel clever all of a sudden.
Maggie gestures wildly while chanting.
Maggie attempts to bespell you! You resist with almost no effort.
It was a potion of mutation.
You feel extremely strange.
You feel clumsy.
You feel frail.
Maggie gestures wildly while chanting.
Maggie attempts to bespell you! You resist with almost no effort.
It was a potion of degeneration.
There was something very wrong with that liquid.
You feel weakened.
You feel dopey.
You feel clumsy. Maggie gestures at you while chanting.
The bolt of fire hits you!!
You die...

### ..# #.# #.#
#@# .#######.# #
...[...>@#.# #
.#.......#.#.#
...........#.###
.#..###........#
#. #.##.#.#.# #
#..........#
#......#.#.#
#......#.#.#
###......#.#.#


You could see Maggie.

Vanquished Creatures
  Grinder (D:3)
  2 steam dragons (D:5)
  A water moccasin (D:5)
  Duvessa (D:4)
  A sky beast (D:6)
  3 ogres
  A phantom (D:6)
  Blork the orc (D:4)
  Dowan (D:4)
  A water moccasin skeleton (D:4)
  2 bullfrog zombies (D:5)
  A centaur zombie (D:6)
  Crazy Yiuf (D:5)
  A jelly (D:5)
  2 bullfrog skeletons
  5 iguanas
  2 orc wizards
  A howler monkey zombie (D:5)
  4 gnolls (D:3)
  7 adders
  A shadow imp (D:6)
  An ufetubus (D:4)
  A worm (D:2)
  A dart slug (D:1)
  11 orcs
  7 endoplasms
  2 giant cockroaches (D:4)
  9 goblins
  11 hobgoblins
  14 jackals
  2 quokkas
  7 ball pythons
  5 bats
  5 frilled lizards
  6 kobolds
  6 rats
128 creatures vanquished.

Vanquished Creatures (others)
  4 fungi (D:5)
4 creatures vanquished.

Grand Total: 132 creatures vanquished

Notes
Turn   | Place    | Note
-------+----------+-------------------------------------------
     0 | D:1      | Johnny the Deep Elf Earth Elementalist began the quest for
                  | the Orb.
     0 | D:1      | Reached XP level 1. HP: 10/10 MP: 6/6
   661 | D:1      | Reached XP level 2. HP: 4/16 MP: 8/8
   924 | D:1      | Reached skill level 1 in Fighting
  1946 | D:1      | Reached XP level 3. HP: 20/20 MP: 10/10
  2364 | D:1      | Found a faded altar of an unknown god.
  2501 | D:2      | Found an ornate altar of the Wu Jian Council.
  3729 | D:2      | Reached XP level 4. HP: 21/26 MP: 7/11
  4201 | D:3      | Reached skill level 4 in Spellcasting
  4409 | D:3      | Noticed Grinder
  4420 | D:3      | Killed Grinder
  4421 | D:3      | Reached XP level 5. HP: 31/32 MP: 8/14
  4546 | D:3      | Reached XP level 6. HP: 31/37 MP: 15/15
  5025 | D:3      | Found a basalt altar of Yredelemnul.
  5058 | D:3      | Reached skill level 5 in Spellcasting
  5660 | D:4      | Noticed Blork the orc
  5665 | D:4      | Killed Blork the orc
  5666 | D:4      | Reached skill level 5 in Earth Magic
  6059 | D:4      | Noticed Duvessa
  6063 | D:4      | Noticed Dowan
  6082 | D:4      | Killed Duvessa
  6083 | D:4      | Reached XP level 7. HP: 16/43 MP: 17/17
  6092 | D:4      | Killed Dowan
  6308 | D:4      | Found a broken altar of Ashenzari.
  6308 | D:4      | Found a sparkling altar of Nemelex Xobeh.
  6472 | D:4      | Reached skill level 6 in Spellcasting
  6476 | D:4      | Learned a level 3 spell: Stone Arrow
  6482 | D:4      | Learned a level 5 spell: Lee's Rapid Deconstruction
  6491 | D:4      | Learned a level 4 spell: Petrify
  6494 | D:4      | Learned a level 2 spell: Blink
  7347 | D:5      | Entered Level 5 of the Dungeon
  7431 | D:5      | Reached skill level 5 in Fighting
  7666 | D:5      | Reached XP level 8. HP: 48/50 MP: 5/20
  7756 | D:5      | Found a snail-covered altar of Cheibriados.
  7961 | D:5      | Found a runed translucent door.
  7962 | D:5      | Noticed Crazy Yiuf
  8114 | D:5      | Reached skill level 7 in Spellcasting
  8812 | D:5      | Killed Crazy Yiuf
  9226 | D:6      | Reached skill level 8 in Spellcasting
  9287 | D:6      | Noticed Maggie
  9302 | D:6      | Gained mutation: You are clumsy. (Dex -2) [potion of
                  | mutation]
  9302 | D:6      | Gained mutation: You are frail. (-10% HP) [potion of
                  | mutation]
  9303 | D:6      | Killed from afar by Maggie

Illustrated notes

Levels and vault maps discovered:
D:1:      sevenhm_arrival_forest_fort_small_5, layout_loops_corners,
          hellmonk_ecumenical_altar_inner_sanctum
D:2:      layout_loops_ring, basic_altar, minmay_bisected
D:3:      layout_loops_ring, lemuel_doored_altar, uniq_grinder
D:4:      layout_basic, gammafunk_temple_overflow_wave,
          chequers_serial_rivers_small_a, st_stairs_9, uniq_duvessa,
          uniq_blork_the_orc
D:5:      kennysheep_steamy, layout_cave_pools, pf_just_have_faith,
          uniq_crazy_yiuf_cottage
D:6:      layout_basic, uniq_maggie

Skill      XL: |  1  2  3  4  5  6  7  8 |
---------------+-------------------------+-----
Fighting       | 1 2 3 4 5 6 |  6.7
Spellcasting   | 4 5 6 8 |  8.0
Earth Magic    | 4 5 6 7 |  7.1
Dodging        | |  2.4
Stealth        | |  2.4
Transmutations | |  1.1

Action                   |  1- 3 |  4- 6 |  7- 9 || total
-------------------------+-------+-------+-------++-------
Melee: Dagger            |   111 |    33 |    77 ||   221
       Unarmed           |     2 |       |       ||     2
       Short sword       |       |    48 |       ||    48
 Cast: Sandblast         |    37 |    43 |    10 ||    90
       Stone Arrow       |       |       |    58 ||    58
Evoke: Wand              |       |     3 |     7 ||    10
  Use: Potion            |       |       |     7 ||     7
 Stab: Sleeping          |     7 |     2 |     1 ||    10
Armor: Robe              |    28 |    11 |    21 ||    60
Dodge: Dodged            |    91 |    69 |    80 ||   240

Table legend: (Time is in decaauts)
 A = Elapsed time spent in this place.
 B = Non-inter-level travel time spent in this place.
 C = Inter-level travel time spent in this place.
 D = Time resting spent in this place.
 E = Time spent auto-exploring this place.
 F = Levels seen in this place.
 G = Mean time per level.
                   A        B        C        D        E       F      G
               +--------+--------+--------+--------+--------+-----+--------+
         Total |   9309 |   9178 |    131 |   1103 |   7154 |   6 | 1551.5 |
       Dungeon |   9309 |   9178 |    131 |   1103 |   7154 |   6 | 1551.5 |
               +--------+--------+--------+--------+--------+-----+--------+

Top non-repeatable levels by time:
     D:1: 2451 daAuts
     D:4: 2052 daAuts
     D:2: 1744 daAuts
     D:5: 1538 daAuts
     D:3: 1104 daAuts
     D:6: 417 daAuts
